 Dungeon Crawl Stone Soup version 0.20.0-8-g6b59dc7 (webtiles) character file.

84 Gargoyl the Skirmisher (level 4, -3/40 HPs)
             Began as a Draconian Abyssal Knight on May 31, 2017.
             Was a Follower of Lugonu.
             Slain by an orc priest
             ... wielding a +0 flail
              (5 damage)
             ... on level 3 of the Dungeon.
             The game lasted 00:03:38 (1911 turns).

Gargoyl the Skirmisher (Draconian Abyssal Knight)   Turns: 1911, Time: 00:03:39

Health: -3/40      AC:  5    Str: 14    XL:     4   Next: 23%
Magic:  6/6        EV: 13    Int: 12    God:    Lugonu [*.....]
Gold:   104        SH:  0    Dex: 12    Spells: 3/3 levels left

rFire    . . .     SeeInvis .   c - +2 great sword (flame)
rCold    . . .     Gourm    .   (shield currently unavailable)
rNeg     . . .     Faith    .   (armour unavailable)
rPois    .         Spirit   .   (helmet restricted)
rElec    .         Reflect  .   (no cloak)
rCorr    .         Harm     .   (no gloves)
MR       .....                  (no boots)
Stlth    +.........             (no amulet)
Regen    0.2/turn               (no ring)
MPRegen  0.1/turn               (no ring)

@: no status effects
A: unfitting armour, cold-blooded, AC +5
a: Depart the Abyss, Renounce Religion


You were on level 3 of the Dungeon.
You worshipped Lugonu.
Lugonu was aware of your devotion.
You were not hungry.

You visited 1 branch of the dungeon, and saw 3 of its levels.
You visited the Abyss 1 time.

You collected 104 gold pieces.

Inventory:

Hand Weapons
 a - a +1 hand axe
 c - a +2 great sword of flaming (weapon)
Scrolls
 d - a scroll of remove curse
 e - a scroll of blinking
 g - a scroll of recharging
 h - a scroll of fear {unknown}
 i - a scroll of magic mapping
Potions
 f - a potion of flight
 l - a potion of brilliance {unknown}
Comestibles
 b - a bread ration
 j - 2 meat rations
 k - a chunk of flesh
 q - a royal jelly


   Skills:
 + Level 3.8 Fighting
 + Level 1.4 Long Blades
 + Level 2.3 Axes
 * Level 2.9 Dodging
 * Level 2.8 Invocations


You had 3 spell levels left.
You didn't know any spells.

Dungeon Overview and Level Annotations

Branches:
Dungeon (3/15)

Altars:
Trog


Innate Abilities, Weirdness & Mutations

Your plain brown scales are hard. (AC +5)
You cannot fit into any form of body armour.
You are cold-blooded and may be slowed by cold attacks.


Message History

The orc closely misses you.
You riposte.
You closely miss the orc. The goblin barely misses you. The orc misses you.
You riposte.
You slash the orc! You burn the orc.
You kill the orc!
Lugonu accepts your kill.
The orc priest mumbles some strange prayers to Beogh against you.
Beogh smites you!
Things that are here:
a flail; a leather armour; an orc corpse You hit the orc priest.
You burn the orc priest. You tail-slap the orc priest.
The orc priest is heavily wounded.
The goblin barely misses you.
The orc priest calls down the wrath of Beogh upon you.
Beogh smites you!
* * * LOW HITPOINT WARNING * * *
The goblin misses you.
You riposte.
You slash the goblin! You burn the goblin.
You kill the goblin!
Lugonu accepts your kill. The orc priest hits you with a flail.
You die... .. ..# #....######### .o# ### #..### oo# #..# S.# #..### oo#

..########....#
#..........##.#
......[)#### .#
.######†# # #@#
#.o.# #.....
#...### #####


You could see an orc priest.

Vanquished Creatures
  An adder (D:3)
  3 oozes (D:1)
  A worm (D:2)
  3 leopard geckos (D:1)
  4 orcs (D:3)
  5 giant cockroaches
  5 goblins
  5 hobgoblins
  4 jackals (D:2)
  5 kobolds
  3 bats
  6 frilled lizards
  5 rats
50 creatures vanquished.

Notes
Turn   | Place    | Note
-------+----------+-------------------------------------------
     0 | Abyss:1  | Gargoyl the Draconian Abyssal Knight began the quest for the Orb.
     0 | Abyss:1  | Reached XP level 1. HP: 19/19 MP: 2/2
    60 | Abyss:2  | Found a corrupted altar of Lugonu.
    71 | Abyss:2  | Identified a scroll of acquirement
    80 | Abyss:2  | Noticed a starcursed mass
    80 | D:1      | Escaped the Abyss
   104 | D:1      | Reached * piety under Lugonu
   236 | D:1      | Reached XP level 2. HP: 26/26 MP: 3/3
   528 | D:1      | Reached XP level 3. HP: 31/33 MP: 4/4
   914 | D:2      | Found a bloodstained altar of Trog.
  1037 | D:2      | Reached skill level 1 in Long Blades
  1492 | D:2      | Found a faded altar of an unknown god.
  1897 | D:3      | Reached XP level 4. HP: 40/40 MP: 6/6
  1911 | D:3      | HP: 2/40 [orc priest/divine providence (12)]
  1911 | D:3      | Slain by an orc priest

Skill      XL: |  1  2  3 |
---------------+----------+-----
Long Blades    | 1 |  1.4
Fighting       | |  3.8
Axes           | |  2.3
Dodging        | |  2.9
Invocations    | |  2.8

Action                   |  1- 3 |  4- 6 || total
-------------------------+-------+-------++-------
Melee: Great sword       |    91 |     3 ||    94
       Tailslap          |    12 |     1 ||    13
Invok: Depart the Abyss  |     1 |       ||     1
  Use: Scroll            |    11 |       ||    11
 Stab: Sleeping          |     1 |       ||     1
  Eat: Chunk             |     3 |       ||     3
Armor: Skin              |    38 |     1 ||    39
Dodge: Dodged            |    96 |     9 ||   105
       Rpst.: Great sword |    28 |     6 ||    34
